 Dungeon Crawl Stone Soup version 0.30-a0-422-g946f4849ff (webtiles) character file.

Game seed: 8574031518701089907

69220 Monkooky the Fighter (level 15, -14/124 HPs)
             Began as a Gnoll Wanderer on Dec 8, 2022.
             Was the Champion of Wu Jian.
             Demolished by Donald
             ... wielding a +4 demon trident of pain
              (40 damage)
             ... on level 2 of the Orcish Mines.
             The game lasted 00:50:05 (21522 turns).

Monkooky the Fighter (Gnoll Wanderer)              Turns: 21522, Time: 00:50:06

Health: -14/124    AC: 15    Str: 23    XL:     15   Next: 29%
Magic:  29/29      EV: 20    Int: 19    God:    Wu Jian [******]
Gold:   2407       SH:  8    Dex: 14    Spells: 20/35 levels left

rFire   . . .      SeeInvis .    N - +6 demon trident of Greed {spect, Str+3 Dex+2}
rCold   . . .      Faith    .    P - +2 buckler
rNeg    . . .      Spirit   .    q - +0 acid dragon scales
rPois   .          Reflect  .    U - +2 helmet {Int+3}
rElec   .          Harm     .    x - +0 cloak
rCorr   +          Rampage  .    E - +0 pair of gloves
Will    +....                    (no boots)
Stlth   ++++......               (no amulet)
HPRegen 0.40/turn                o - +4 ring of evasion
MPRegen 0.21/turn                I - +6 ring of strength

@: no status effects
A: fangs 1, strong nose, distributed training
a: Renounce Religion, Wall Jump, Serpent's Lash, Heavenly Storm


You were on level 2 of the Orcish Mines.
You worshipped Wu Jian.
Wu Jian was exalted by your worship.
You visited 3 branches of the dungeon, and saw 20 of its levels.
You also visited: Ossuary, Bailey and Gauntlet.

You collected 2407 gold pieces.

Inventory:

Hand Weapons
 c - the +10 glaive of Disarray {flame, rF+ Int+4}
   (You took it off a minotaur in a Gauntlet)

   It burns those it strikes, dealing additional fire damage.
   Big, fiery blades are also staple armaments of hydra-hunters.
   Int:       It affects your intelligence (+4).
   rF:        It protects you from fire.
 H - a +6 double sword of venom
 N - the +6 demon trident of Greed (weapon) {spect, Str+3 Dex+2}
   (You acquired it in a bailey)

   When its wielder attacks, the weapon's spirit leaps out and strikes again.
   The spirit shares a part of any damage it takes with its wielder.
   Str:       It affects your strength (+3).
   Dex:       It affects your dexterity (+2).
 O - the +11 triple crossbow of Osimnoh {penet, MP-9 Int+9}
   (You found it in a bailey)

   Any ammunition fired by it passes through the targets it hits, potentially
   hitting all targets in its path until it reaches maximum range.
   Int:       It affects your intelligence (+9).
   MP:        It affects your magic capacity (-9).
Missiles
 e - 6 javelins
 B - 2 throwing nets
 F - 39 poisoned darts
 S - 6 curare-tipped darts
 Z - 2 silver javelins
Armour
 q - +0 acid dragon scales (worn)
 u - a +2 ring mail of poison resistance
 x - a +0 cloak (worn)
 E - a +0 pair of gloves (worn)
 P - a +2 buckler (worn)
 U - a +2 helmet of intelligence (worn)
Jewellery
 o - a +4 ring of evasion (left hand)
 I - a +6 ring of strength (right hand)
 K - a ring of see invisible
 R - a ring of protection from fire
Wands
 t - a wand of flame (25) (quivered)
 v - a wand of charming (3)
 C - a wand of light (6)
 G - a wand of mindburst (4)
 Q - a wand of digging (10)
 Y - a wand of roots (2)
Scrolls
 b - 7 scrolls of fear
 d - a scroll of immolation
 f - 11 scrolls of teleportation
 i - 2 scrolls of vulnerability
 j - 7 scrolls of blinking
 p - 5 scrolls of amnesia
 y - a scroll of fog
 A - a scroll of silence
 L - 3 scrolls of magic mapping
 M - a scroll of acquirement
 T - 5 scrolls of enchant armour {unknown}
 V - a scroll of summoning {unknown}
 X - 3 scrolls of identify
Potions
 a - a potion of mutation
 g - 7 potions of brilliance
 h - 3 potions of magic
 k - 2 potions of resistance {unknown}
 l - 2 potions of heal wounds
 m - 2 potions of invisibility
 n - 6 potions of haste
 r - a potion of might
 s - 4 potions of attraction {unknown}
 w - 5 potions of curing
 z - 4 potions of flight
 J - 2 potions of lignification
 W - a potion of cancellation {unknown}
Miscellaneous
 D - a phantom mirror


   Skills:
 + Level 13.2 Fighting
 + Level 10.3 Short Blades
 + Level 10.3 Long Blades
 + Level 10.3 Axes
 + Level 10.3 Maces & Flails
 + Level 12.1 Polearms
 + Level 10.3 Staves
 + Level 10.3 Ranged Weapons
 + Level 10.3 Throwing
 + Level 10.3 Armour
 + Level 10.3 Dodging
 + Level 10.3 Stealth
 + Level 10.3 Shields
 + Level 10.3 Unarmed Combat
 + Level 10.7 Spellcasting
 + Level 8.6 Conjurations
 + Level 8.6 Hexes
 + Level 8.6 Summonings
 + Level 8.6 Necromancy
 + Level 8.6 Translocations
 + Level 9.5 Transmutations
 + Level 8.6 Fire Magic
 + Level 8.6 Ice Magic
 + Level 8.6 Air Magic
 + Level 8.6 Earth Magic
 + Level 8.6 Poison Magic
 + Level 11.2 Invocations
 + Level 10.3 Evocations


You had 20 spell levels left.
You knew the following spells:

 Your Spells              Type           Power      Damage    Failure   Level
a - Beastly Appendage     Tmut           92%        N/A       1%          1
b - Passwall              Tmut/Erth      36%        N/A       1%          2
c - Frozen Ramparts       Ice            86%        1d13      1%          3
d - Ignite Poison         Fire/Tmut/Pois 44%        N/A       1%          3
e - Stone Arrow           Conj/Erth      86%        3d12      1%          3
f - Swiftness             Air            43%        N/A       1%          3

Your spell library contained the following spells:

 Spells                   Type           Power      Damage    Failure   Level
 Freeze                   Ice            100%       1d10      1%          1
 Sandblast                Erth           86%        2d18      1%          1
 Shock                    Conj/Air       100%       1d9       1%          1
 Sting                    Tmut/Pois      100%       1d8       1%          1
 Ensorcelled Hibernation  Hex/Ice        86%        N/A       1%          2
 Poisonous Vapours        Pois/Air       86%        N/A       1%          2
 Wereblood                Tmut           46%        N/A       1%          2
 Hailstorm                Conj/Ice       43%        3d10      1%          3
 Spider Form              Tmut/Pois      44%        N/A       1%          3
 Airstrike                Air            21%        2d(4-20)  2%          4
 Ice Form                 Ice/Tmut       44%        N/A       2%          4
 Olgreb's Toxic Radiance  Pois           43%        N/A       2%          4
 Passage of Golubria      Tloc           43%        N/A       2%          4
 Summon Ice Beast         Ice/Summ       43%        N/A       2%          4
 Summon Lightning Spire   Summ/Air       43%        N/A       2%          4
 Fireball                 Conj/Fire      21%        3d10      8%          5
 Iskenderun's Battlesphe  Conj           43%        2d9       8%          5
 Lightning Bolt           Conj/Air       21%        1d36      8%          5
 Silence                  Hex/Air        21%        N/A       8%          5
 Conjure Ball Lightning   Conj/Air       21%        3x3d7     41%         6
 Orb of Destruction       Conj           21%        9d8       94%         7
 Lehudib's Crystal Spear  Conj/Erth      21%        10d6      100%        8


Dungeon Overview and Level Annotations

Branches:
Dungeon (13/15)            Temple (0/1) D:7            Lair (5/5) D:9
 Shoals (0/4) Lair:2        Snake (0/4) Lair:3        Slime (0/5) Lair:5
    Orc (2/2) D:10            Elf (0/3) Orc:2       Ossuary (visited)
 Bailey (visited)         Gauntlet (visited)
 Vaults: D:13-14

Altars:
Fedhas
Makhleb
Okawaru
Vehumet
Wu Jian
Xom
The Shining One
Lugonu

Shops:
D:6 *   D:8 :

Portals:
Abyss: Lair:5
Trove: D:13 (give +3 storm dragon scales)

Annotations:
D:10 exclusion: oklob plant
Lair:3 1 runed translucent door, Midn8's ghost, journeyman DjRe
Orc:2 Donald


Innate Abilities, Weirdness & Mutations

You have very sharp teeth.
Your uncanny sense of smell can sniff out nearby items.
Your experience applies equally to all skills.


Message History

You writhe in agony!
The warg misses you.
Okay, then.
Aiming: Fastroot
Press: ? - help, Shift-Dir - straight line, f/p - Donald
Aim: Donald, wielding a +4 demon trident of pain, wearing a +0 plate armour and wearing a +0 kite shield (heavily wounded, fast, strong)
The roots erupt in riotous growth!
Roots grab the warg. x2; Roots grab Donald.
The grasping roots constrict Donald.
The grasping roots constrict the warg.
The grasping roots constrict the warg!
Donald hits you from afar with a +4 demon trident of pain!!!
You writhe in agony.
The warg misses you.
The warg struggles to escape constriction.
Unknown command.
The grasping roots constrict Donald.
The grasping roots constrict the warg!
The grasping roots constrict the warg.
Donald struggles to escape constriction.
The warg struggles to escape constriction.
The warg escapes!
Donald struggles to escape constriction.
Unknown command.
You are too injured to fight recklessly!
Reach: N) +6 demon trident of Greed {spect, Str+3 Dex+2}
Press: ? - help, Dir - move target, f - warg, p - Donald
Aim: a warg (almost dead, constricted by roots, about 8% to evade the +6 demon trident of Greed)
You reach to attack!
You puncture the warg!
You kill the warg!
The Council accepts your kill.
The grasping roots constrict Donald, but do no damage.
Donald escapes!
Okay, then.
Aiming: Fastroot
Press: ? - help, Shift-Dir - straight line The roots erupt in riotous growth!
Roots grab the warg.
Roots grab Donald.
The grasping roots constrict Donald.
The grasping roots constrict the warg!
Donald hits you from afar with a +4 demon trident of pain!!
* * * LOW HITPOINT WARNING * * *
The warg completely misses you.
Donald hits you from afar with a +4 demon trident of pain!!!
You die...

### ### ##.#####
###.#### #....#.###
##....#.#####.......#
#........##.#........
##...................
#.........#.#........
##.........#.........
#..@..........#...(.
##.h...........#...#
#..@..........#.....
#..<......#..........
#....................
##...................
........$...........
##....<..............
....................


You could see Donald (fast, strong, rooted) and a warg (rooted).

Vanquished Creatures
  Gastronok (Orc:1)
  Kirke (D:13)
  A minotaur (Gauntlet)
  A yaktaur captain (D:11)
  A hell beast (Gauntlet)
  2 hydras
  A centaur warrior (D:13)
  2 boulder beetles (D:11)
  The ghost of Ahpoh the Carver, a journeyman GrGl of Okawaru (Orc:1)
  7 two-headed ogres
  11 death yaks
  Urug (Lair:3)
  4 thrashing horrors (Lair:5)
  A hell knight (D:11)
  A deep elf archer (D:11)
  A flayed ghost (D:11)
  A harpy (shapeshifter) (D:13)
  Pikel (D:5)
  3 orc knights
  2 manticores (D:11)
  4 cyclopes
  Joseph (Lair:1)
  3 ugly things
  9 elephants
  2 merfolk sirens (Lair:2)
  4 black mambas
  An apocalypse crab (Gauntlet)
  2 unseen horrors (D:11)
  9 cane toads
  A smoke demon (Lair:5)
  A rime drake (Lair:3)
  6 komodo dragons
  A kobold demonologist (D:11)
  3 tengu conjurers (D:13)
  Psyche (D:8)
  A merfolk (Lair:2)
  An ancient zyme (Lair:5)
  A large abomination (Lair:5)
  2 polar bears
  3 hornets (Lair:5)
  8 trolls
  22 blink frogs
  Prince Ribbit (D:7)
  Sigmund (D:7)
  3 ynoxinuls (Lair:5)
  4 shadows (D:11)
  2 wraiths
  7 small abominations (Lair:5)
  3 hogs (D:13)
  2 wyverns
  9 basilisks
  A yak (shapeshifter) (D:11)
  Grum (D:10)
  2 chaos spawn (Lair:5)
  2 steam dragons (D:9)
  7 vampire mosquitoes (D:11)
  28 yaks
  A basilisk (shapeshifter) (D:11)
  3 wargs
  4 acid dragons
  26 water moccasins
  2 hell hounds (Gauntlet)
  5 sky beasts
  25 orc warriors
  6 wolves
  7 centaurs
  A lemure (D:5)
  A phantom (D:7)
  Blork the orc (D:4)
  4 kobold brigands
  2 gnoll sergeants (D:11)
  5 bullfrogs
  A necrophage (D:5)
  7 elf zombies (Ossuary)
  3 scorpions (D:6)
  3 wights (D:8)
  3 killer bees (D:7)
  An electric eel (Lair:2)
  5 howler monkeys
  4 centaur zombies (Ossuary)
  2 hounds
  A human zombie (Ossuary)
  6 jellies
  18 orc priests
  3 gnoll boudas
  Terence (D:3)
  2 iguanas
  25 orc wizards
  3 mummies (Ossuary)
  20 gnolls
  11 adders
  A white imp (D:6)
  2 ufetubi
  2 dart slugs (D:2)
  65 orcs
  3 ball pythons (D:2)
  4 bats
  9 endoplasms
  2 giant cockroaches
  12 goblins
  13 hobgoblins
  4 jackals (D:3)
  4 quokkas
  3 frilled lizards
  23 kobolds
  7 rats
569 creatures vanquished.

Vanquished Creatures (others)
  20 demonic plants (Gauntlet)
  13 fungi
  10 plants
43 creatures vanquished.

Grand Total: 612 creatures vanquished

Notes
Turn   | Place    | Note
-------+----------+-------------------------------------------
     0 | D:1      | Monkooky the Gnoll Wanderer began the quest for the Orb.
     0 | D:1      | Monkooky set off with the following items: a +3 spear, a
                  | scroll of fear, a +0 robe; and the following spell
                  | memorised: Beastly Appendage; and the following spells
                  | available to memorise: Ignite Poison.
     0 | D:1      | Reached XP level 1. HP: 26/26 MP: 4/4
   214 | D:1      | Reached XP level 2. HP: 33/33 MP: 5/5
   621 | D:2      | Reached XP level 3. HP: 38/38 MP: 7/7
   640 | D:2      | Found a shimmering altar of Xom.
   684 | D:2      | Reached skill level 1 in Invocations
   875 | D:2      | Reached skill level 1 in Short Blades
   875 | D:2      | Reached skill level 1 in Long Blades
   875 | D:2      | Reached skill level 1 in Axes
   875 | D:2      | Reached skill level 1 in Maces & Flails
   875 | D:2      | Reached skill level 1 in Staves
   875 | D:2      | Reached skill level 1 in Ranged Weapons
   875 | D:2      | Reached skill level 1 in Throwing
   875 | D:2      | Reached skill level 1 in Armour
   875 | D:2      | Reached skill level 1 in Dodging
   875 | D:2      | Reached skill level 1 in Stealth
   875 | D:2      | Reached skill level 1 in Shields
   875 | D:2      | Reached skill level 1 in Unarmed Combat
   875 | D:2      | Reached skill level 1 in Evocations
  1184 | D:3      | Reached XP level 4. HP: 45/45 MP: 8/8
  1584 | D:3      | Reached skill level 1 in Conjurations
  1584 | D:3      | Reached skill level 1 in Hexes
  1584 | D:3      | Reached skill level 1 in Summonings
  1584 | D:3      | Reached skill level 1 in Necromancy
  1584 | D:3      | Reached skill level 1 in Translocations
  1584 | D:3      | Reached skill level 1 in Fire Magic
  1584 | D:3      | Reached skill level 1 in Ice Magic
  1584 | D:3      | Reached skill level 1 in Air Magic
  1584 | D:3      | Reached skill level 1 in Earth Magic
  1584 | D:3      | Reached skill level 1 in Poison Magic
  1599 | D:3      | Found an ornate altar of the Wu Jian Council.
  1682 | D:3      | Became a worshipper of the Wu Jian Council
  1765 | D:3      | Noticed Terence
  1779 | D:3      | Killed Terence
  1780 | D:3      | Reached XP level 5. HP: 23/51 MP: 9/9
  1814 | D:3      | Noticed a sky beast
  2045 | D:3      | Killed a sky beast
  2046 | D:3      | Reached XP level 6. HP: 51/57 MP: 9/11
  2138 | D:4      | Noticed Blork the orc
  2148 | D:4      | Killed Blork the orc
  2290 | D:4      | Identified the +0 robe "Batat" {Str+6 Slay-2}
  2304 | D:4      | Found a sand-covered staircase.
  2313 | Ossuary  | Entered an ossuary
  2369 | Ossuary  | Reached XP level 7. HP: 41/63 MP: 12/12
  2530 | Ossuary  | Reached skill level 9 in Fighting
  2699 | Ossuary  | Reached XP level 8. HP: 58/71 MP: 14/14
  2983 | D:4      | Reached * piety under Wu Jian
  3306 | D:4      | Learned a level 2 spell: Passwall
  3840 | D:5      | Entered Level 5 of the Dungeon
  3864 | D:5      | Identified the +1 robe "Lydeown" {rF+}
  3911 | D:5      | Noticed Pikel
  4181 | D:5      | Killed Pikel
  4182 | D:5      | Reached skill level 5 in Transmutations
  4518 | D:5      | Reached XP level 9. HP: 72/77 MP: 16/16
  4594 | D:5      | Reached skill level 5 in Spellcasting
  5744 | D:6      | Reached ** piety under Wu Jian
  5930 | D:6      | Learned a level 3 spell: Frozen Ramparts
  5934 | D:6      | Learned a level 3 spell: Ignite Poison
  6052 | D:6      | Found an iron altar of Okawaru.
  6121 | D:6      | Found Doeneown's Overcharged Wands.
  6439 | D:7      | Reached skill level 5 in Invocations
  6470 | D:7      | Found a flagged portal.
  6544 | Bailey   | Entered a bailey
  7464 | Bailey   | Learned a level 3 spell: Stone Arrow
  7486 | Bailey   | Reached skill level 5 in Short Blades
  7486 | Bailey   | Reached skill level 5 in Long Blades
  7486 | Bailey   | Reached skill level 5 in Axes
  7486 | Bailey   | Reached skill level 5 in Maces & Flails
  7486 | Bailey   | Reached skill level 5 in Staves
  7486 | Bailey   | Reached skill level 5 in Ranged Weapons
  7486 | Bailey   | Reached skill level 5 in Throwing
  7486 | Bailey   | Reached skill level 5 in Armour
  7486 | Bailey   | Reached skill level 5 in Dodging
  7486 | Bailey   | Reached skill level 5 in Stealth
  7486 | Bailey   | Reached skill level 5 in Shields
  7486 | Bailey   | Reached skill level 5 in Unarmed Combat
  7486 | Bailey   | Reached skill level 5 in Evocations
  7555 | Bailey   | Reached XP level 10. HP: 82/85 MP: 18/18
  7715 | Bailey   | Acquired the +6 demon trident of Greed {spect, Str+3 Dex+2}
  7722 | Bailey   | Noticed an orc knight
  7728 | Bailey   | Killed an orc knight
  7729 | Bailey   | Reached skill level 10 in Fighting
  7739 | Bailey   | Identified the +11 triple crossbow of Osimnoh {penet, MP-9
                  | Int+9}
  7906 | D:7      | Noticed Prince Ribbit
  7913 | D:7      | Killed Prince Ribbit
  7917 | D:7      | Found a staircase to the Ecumenical Temple.
  7998 | D:7      | Found a glowing golden altar of the Shining One.
  8406 | D:7      | Noticed Sigmund
  8416 | D:7      | Killed Sigmund
  9003 | D:8      | Learned a level 3 spell: Swiftness
  9270 | D:8      | Reached *** piety under Wu Jian
  9434 | D:8      | Found Poaptal's Book Shoppe.
  9582 | D:8      | Found a shimmering altar of Xom.
  9614 | D:8      | Noticed Psyche
  9617 | D:8      | Killed Psyche
  9618 | D:8      | Reached skill level 5 in Conjurations
  9618 | D:8      | Reached skill level 5 in Hexes
  9618 | D:8      | Reached skill level 5 in Summonings
  9618 | D:8      | Reached skill level 5 in Necromancy
  9618 | D:8      | Reached skill level 5 in Translocations
  9618 | D:8      | Reached skill level 5 in Fire Magic
  9618 | D:8      | Reached skill level 5 in Ice Magic
  9618 | D:8      | Reached skill level 5 in Air Magic
  9618 | D:8      | Reached skill level 5 in Earth Magic
  9618 | D:8      | Reached skill level 5 in Poison Magic
  9618 | D:8      | Reached XP level 11. HP: 88/92 MP: 21/21
 10207 | D:9      | Found a staircase to the Lair.
 10676 | D:10     | Entered Level 10 of the Dungeon
 10676 | D:10     | Found a staircase to the Orcish Mines.
 10691 | D:10     | Noticed Grum
 10699 | D:10     | Killed Grum
 10894 | D:10     | Reached **** piety under Wu Jian
 11074 | D:10     | Found a blossoming altar of Fedhas.
 11095 | D:10     | Noticed an oklob plant
 11181 | D:10     | Found a burning altar of Makhleb.
 11506 | Lair:1   | Entered Level 1 of the Lair of Beasts
 11843 | Lair:1   | Noticed Joseph
 11847 | Lair:1   | Killed Joseph
 12448 | Lair:2   | Reached skill level 11 in Fighting
 12870 | Lair:2   | Reached XP level 12. HP: 91/100 MP: 23/23
 13077 | Lair:2   | Found a staircase to the Shoals.
 13584 | Lair:3   | Noticed a death yak
 13587 | Lair:3   | Noticed a death yak
 13588 | Lair:3   | Noticed a death yak
 13589 | Lair:3   | Noticed a death yak
 13590 | Lair:3   | Noticed a death yak
 13591 | Lair:3   | Reached skill level 10 in Polearms
 13595 | Lair:3   | Noticed a death yak
 13598 | Lair:3   | Killed a death yak
 13598 | Lair:3   | Killed a death yak
 13599 | Lair:3   | Killed a death yak
 13604 | Lair:3   | Killed a death yak
 13608 | Lair:3   | Killed a death yak
 13974 | Lair:3   | Reached ***** piety under Wu Jian
 14035 | Lair:3   | Killed a death yak
 14120 | Lair:3   | Found a staircase to the Snake Pit.
 14150 | Lair:3   | Reached XP level 13. HP: 84/107 MP: 22/25
 14280 | Lair:3   | Found a runed translucent door.
 14299 | Lair:3   | Noticed Midn8's ghost (journeyman DjRe)
 14305 | Lair:3   | Noticed Urug
 14331 | Lair:3   | Killed Urug
 15038 | Lair:4   | You fall into a shaft and drop 1 floor!
 15038 | Lair:5   | Entered Level 5 of the Lair of Beasts
 15038 | Lair:5   | Found a staircase to the Slime Pits.
 15080 | Lair:5   | Reached skill level 12 in Fighting
 15268 | Lair:5   | Paralysed by a hornet for 1 turns
 15321 | Lair:5   | Found a gate leading to a gauntlet.
 15335 | Gauntlet | Entered a Gauntlet
 15335 | Gauntlet | Found a transporter.
 15533 | Gauntlet | Found a transporter.
 15535 | Gauntlet | Found a transporter.
 15539 | Gauntlet | Found a transporter.
 15547 | Gauntlet | Found a transporter.
 15547 | Gauntlet | Found a transporter.
 15548 | Gauntlet | Found a transporter.
 15549 | Gauntlet | Found a transporter.
 15569 | Gauntlet | Found a transporter.
 15591 | Gauntlet | Found a transporter.
 15593 | Gauntlet | Found a transporter.
 15595 | Gauntlet | Found a runed translucent door.
 15601 | Gauntlet | Found a transporter.
 15609 | Gauntlet | Found a runed translucent door.
 15740 | Gauntlet | Identified the +1 pair of boots "Pan Gahi" {rElec rF+
                  | Str-3}
 15748 | Gauntlet | Acquired 452 gold pieces
 15944 | Gauntlet | Identified the +10 glaive of Disarray {flame, rF+ Int+4}
 15944 | Gauntlet | Noticed a minotaur
 15951 | Gauntlet | Killed a minotaur
 16671 | Lair:5   | Reached XP level 14. HP: 90/116 MP: 27/27
 16674 | Lair:5   | Reached skill level 10 in Invocations
 17549 | Lair:5   | Found a corrupted altar of Lugonu.
 17549 | Lair:5   | Found a one-way gate to the infinite horrors of the Abyss.
 17953 | D:10     | You fall into a shaft and drop 3 floors!
 17953 | D:13     | Found a portal to a secret trove of treasure.
 18124 | D:13     | Reached ****** piety under Wu Jian
 18295 | D:13     | Noticed Kirke
 18301 | D:13     | Reached skill level 10 in Spellcasting
 18312 | D:13     | Killed Kirke
 18941 | D:11     | Identified the +4 shortbow "Giantslayer" {drain, Will+
                  | Dex+3}
 19325 | D:11     | Reached skill level 10 in Short Blades
 19325 | D:11     | Reached skill level 10 in Long Blades
 19325 | D:11     | Reached skill level 10 in Axes
 19325 | D:11     | Reached skill level 10 in Maces & Flails
 19325 | D:11     | Reached skill level 10 in Staves
 19325 | D:11     | Reached skill level 10 in Ranged Weapons
 19325 | D:11     | Reached skill level 10 in Throwing
 19325 | D:11     | Reached skill level 10 in Armour
 19325 | D:11     | Reached skill level 10 in Dodging
 19325 | D:11     | Reached skill level 10 in Stealth
 19325 | D:11     | Reached skill level 10 in Shields
 19325 | D:11     | Reached skill level 10 in Unarmed Combat
 19325 | D:11     | Reached skill level 10 in Evocations
 19539 | D:11     | Reached skill level 13 in Fighting
 19595 | D:11     | Reached XP level 15. HP: 123/123 MP: 29/29
 20668 | Orc:1    | Entered Level 1 of the Orcish Mines
 20670 | Orc:1    | Found a radiant altar of Vehumet.
 20929 | Orc:1    | Noticed Gastronok
 20936 | Orc:1    | Killed Gastronok
 21113 | Orc:1    | Found a large runed translucent door.
 21114 | Orc:1    | Found a large runed translucent door.
 21118 | Orc:1    | Noticed Ahpoh's ghost (journeyman GrGl)
 21195 | Orc:1    | Killed Ahpoh's ghost
 21203 | Orc:1    | Identified the +7 glaive of Wanoaw {distort, rF- rN++ rCorr
                  | Int-3}
 21222 | Orc:2    | Entered Level 2 of the Orcish Mines
 21410 | Orc:2    | Found a staircase to the Elven Halls.
 21508 | Orc:2    | Noticed Donald
 21522 | Orc:2    | Demolished by Donald

Illustrated notes

Levels and vault maps discovered:
D:1:      roderic_dead_forest, layout_loops_ring, nicolae_figureground_pulse
D:2:      layout_rooms, basic_altar
D:3:      layout_basic, mainiacjoe_overflow_24_doors, uniq_terence
D:4:      layout_basic, nicolae_ossuary_entry_ruins, grunt_ministairs_5,
          chequers_decorated_corner, st_stairs_7,
          nicolae_concentric_dashed_squares_mild, uniq_blork_the_orc
D:5:      layout_cave_pods, uniq_pikel
D:6:      layout_gridville, mainiacjoe_overflow_surrounded_room,
          nicolae_shop_overcharged_wands
D:7:      layout_loops_corners, mainiacjoe_overflow_small_starburst,
          minmay_temple_entry_tees, enter_bailey_3, sigmund_army,
          uniq_prince_ribbit1
D:8:      layout_loops_corners, brannock_xom_greatest_gift, serial_shops, shop,
          uniq_psyche
D:9:      layout_irregular_city, erik_lair_orcish_takeover, hangedman_misty_isle
D:10:     layout_gridville, tgw_fedhas,
          mainiacjoe_overflow_concentric_impassable,
          minmay_orc_entry_temple_small, uniq_grum
D:11:     nzn_winding_woodlands_huge [nzn_winding_woodlands_5x15_split_checker,
          nzn_winding_woodlands_5x15_sidewinder,
          nzn_winding_woodlands_5x15_garden, nzn_winding_woodlands_5x15_default,
          nzn_winding_woodlands_5x15_pathside_ponds,
          nzn_winding_woodlands_5x15_pool, nzn_winding_woodlands_5x15_pockets,
          nzn_winding_woodlands_5x15_default,
          nzn_winding_woodlands_5x15_lazy_stream,
          nzn_winding_woodlands_5x15_longhouse,
          nzn_winding_woodlands_center_diamonds,
          nzn_winding_woodlands_center_lodge,
          nzn_winding_woodlands_15x15_killbox], layout_loops_corners,
          minmay_misc_feat_roman
D:12:     layout_layer_cave, gammafunk_ghost_abyssal_escape, bh_circular_ruins,
          uniq_azrael, uniq_frances, uniq_jorgrun
D:13:     layout_basic, nicolae_trove_entry_free_sample, uniq_kirke
Lair:1:   layout_roguey, uniq_joseph
Lair:2:   layout_cave_pods, elwin_shoals_entry_rooms
Lair:3:   layout_gridlike, minmay_snake_entry_six_corridors,
          ebering_ghost_reflecting_pool, st_stairs_7, grunt_megastairs_1,
          uniq_urug
Lair:4:   gammafunk_boulding_lane, layout_hall_layers
Lair:5:   hellmonk_lair_end_abyssal_woods, layout_cave_shapes,
          nicolae_slime_entry_slimehenge, gauntlet_entry_generic,
          dreamdust_wasp_nest
Orc:1:    layout_caves, basic_altar, ebering_ghost_disaster_area,
          guppyfry_library_mini, uniq_gastronok
Orc:2:    grunt_orc_tribal_feast, layout_caves, uniq_donald

Skill      XL: |  1  2  3  4  5  6  7  8  9 10 11 12 13 14 15 |
---------------+----------------------------------------------+-----
Invocations    | 1 2 3 4 5 6 7 8 9 10 11 | 11.2
Short Blades   | 1 2 3 5 6 7 8 9 10 | 10.3
Long Blades    | 1 2 3 5 6 7 8 9 10 | 10.3
Axes           | 1 2 3 5 6 7 8 9 10 | 10.3
Maces & Flails | 1 2 3 5 6 7 8 9 10 | 10.3
Staves         | 1 2 3 5 6 7 8 9 10 | 10.3
Ranged Weapons | 1 2 3 5 6 7 8 9 10 | 10.3
Throwing       | 1 2 3 5 6 7 8 9 10 | 10.3
Armour         | 1 2 3 5 6 7 8 9 10 | 10.3
Dodging        | 1 2 3 5 6 7 8 9 10 | 10.3
Stealth        | 1 2 3 5 6 7 8 9 10 | 10.3
Shields        | 1 2 3 5 6 7 8 9 10 | 10.3
Unarmed Combat | 1 2 3 5 6 7 8 9 10 | 10.3
Evocations     | 1 2 3 5 6 7 8 9 10 | 10.3
Spellcasting   | 3 4 5 6 7 8 9 10 | 10.7
Conjurations   | 1 2 3 4 5 6 7 8 |  8.6
Hexes          | 1 2 3 4 5 6 7 8 |  8.6
Summonings     | 1 2 3 4 5 6 7 8 |  8.6
Necromancy     | 1 2 3 4 5 6 7 8 |  8.6
Translocations | 1 2 3 4 5 6 7 8 |  8.6
Fire Magic     | 1 2 3 4 5 6 7 8 |  8.6
Ice Magic      | 1 2 3 4 5 6 7 8 |  8.6
Air Magic      | 1 2 3 4 5 6 7 8 |  8.6
Earth Magic    | 1 2 3 4 5 6 7 8 |  8.6
Poison Magic   | 1 2 3 4 5 6 7 8 |  8.6
Transmutations | 4 5 6 7 8 9 |  9.5
Polearms       | 7 8 9 10 11 12 | 12.1
Fighting       | 9 10 11 12 13 | 13.2

Action                   |  1- 3 |  4- 6 |  7- 9 | 10-12 | 13-15 || total
-------------------------+-------+-------+-------+-------+-------++-------
Melee: Spear             |   103 |   126 |   272 |       |       ||   501
       Bite              |     8 |    12 |    62 |    26 |    49 ||   157
       Punch             |       |     2 |    19 |     4 |       ||    25
       Kick              |       |       |    58 |     6 |       ||    64
       Whip              |       |       |   277 |    12 |       ||   289
       Headbutt          |       |       |    49 |     2 |       ||    51
       Demon trident     |       |       |       |   315 |   554 ||   869
Throw: Dart              |       |       |     1 |       |       ||     1
 Cast: Beastly Appendage |       |       |    15 |     1 |       ||    16
       Frozen Ramparts   |       |       |     1 |     2 |     4 ||     7
       Swiftness         |       |       |       |     1 |       ||     1
       Ignite Poison     |       |       |       |     1 |       ||     1
Invok: Lunge             |       |     1 |    25 |     1 |     3 ||    30
       Whirlwind         |       |       |     5 |     1 |     5 ||    11
       Serpent's Lash    |       |       |       |       |     1 ||     1
 Abil: Wall Jump         |       |       |       |       |     1 ||     1
Evoke: Wand              |       |     2 |     4 |     7 |     7 ||    20
       Phantom mirror    |       |       |       |       |     1 ||     1
  Use: Scroll            |       |       |    12 |     7 |     9 ||    28
       Potion            |       |       |       |       |     2 ||     2
 Stab: Sleeping          |       |       |     4 |    19 |    24 ||    47
       Distracted        |       |       |       |     4 |    13 ||    17
Armor: Ring mail         |    19 |    20 |   172 |    18 |    14 ||   243
       Steam dragon scal |       |       |       |    18 |    38 ||    56
       Acid dragon scale |       |       |       |       |    11 ||    11
Dodge: Dodged            |    28 |    40 |   253 |    88 |   219 ||   628
Block: Buckler           |       |       |       |    16 |    87 ||   103

Table legend: (Time is in decaauts)
 A = Elapsed time spent in this place.
 B = Non-inter-level travel time spent in this place.
 C = Inter-level travel time spent in this place.
 D = Time resting spent in this place.
 E = Time spent auto-exploring this place.
 F = Levels seen in this place.
 G = Mean time per level.
                   A        B        C        D        E       F      G
               +--------+--------+--------+--------+--------+-----+--------+
         Total |  21238 |  20181 |   1057 |   2283 |  14414 |  23 |  923.4 |
       Dungeon |  12358 |  11515 |    843 |    523 |   9157 |  13 |  950.6 |
          Lair |   5604 |   5409 |    195 |    432 |   4111 |   5 | 1120.8 |
  Orcish Mines |    830 |    811 |     19 |      0 |    657 |   2 |  415.0 |
       Ossuary |    530 |    530 |      0 |     62 |    288 |   1 |  530.0 |
        Bailey |   1274 |   1274 |      0 |    939 |     56 |   1 | 1274.0 |
      Gauntlet |    640 |    640 |      0 |    327 |    144 |   1 |  640.0 |
               +--------+--------+--------+--------+--------+-----+--------+

Top non-repeatable levels by time:
  Lair:5: 2002 daAuts
    D:11: 1951 daAuts
  Lair:3: 1522 daAuts
     D:5: 1491 daAuts
  Bailey: 1274 daAuts
     D:7: 1257 daAuts
  Lair:2: 1148 daAuts
     D:4: 1095 daAuts
     D:6: 1063 daAuts
     D:3: 998 daAuts
     D:8: 948 daAuts
     D:9: 917 daAuts
    D:10: 837 daAuts
  Lair:1: 814 daAuts
    D:13: 647 daAuts
